 Dungeon Crawl Stone Soup version 0.24-a0-201-gf205589 (webtiles) character file.

Game seed: 18182445423965808036

882 Espgualade the Ducker (level 8, 0/72 HPs)
             Began as a Tengu Ice Elementalist on Mar 23, 2019.
             Was a Believer of Vehumet.
             Slain by a killer bee (1 damage)
             ... on level 5 of the Dungeon.
             The game lasted 00:20:01 (6135 turns).

Espgualade the Ducker (Tengu Ice Elementalist)      Turns: 6135, Time: 00:20:01

Health: 0/72       AC: 24    Str: 15    XL:     8   Next: 5%
Magic:  11/15      EV:  2    Int: 17    God:    Vehumet [**....]
Gold:   321        SH:  0    Dex: 14    Spells: 5/15 levels left

rFire    . . .     SeeInvis .   o - +1 falchion (holy)
rCold    . . .     Gourm    .   (no shield)
rNeg     + + +     Faith    .   (armour currently unavailable)
rPois    +         Spirit   .   (helmet currently unavailable)
rElec    .         Reflect  .   (cloak currently unavailable)
rCorr    .         Harm     .   (gloves currently unavailable)
MR       .....     NoTele   +   (boots unavailable)
Stlth    ++........             (no amulet)
HPRegen  0.22/turn              j - +2 ring of slaying
MPRegen  0.14/turn              (no ring)

@: mighty, lethally poisoned (0 -> -1), tree-form, very slightly contaminated,
hasted, studying Fighting, invisible, very quick
A: able to fly
a: Stop Flying, Renounce Religion


You were on level 5 of the Dungeon.
You worshipped Vehumet.
Vehumet was pleased with you.
You were not hungry.
You were a tree.
You visited 2 branches of the dungeon, and saw 6 of its levels.
You also visited: Sewer.

You collected 321 gold pieces.

Inventory:

Hand Weapons
 b - a cursed -3 spear
 e - a +1 whip of flaming
 o - a +1 falchion of holy wrath (weapon)
Armour
 a - a +1 robe (melded)
Jewellery
 j - a +2 ring of slaying (left branch)
Scrolls
 g - 3 scrolls of teleportation
 k - a scroll of fog
 m - 2 scrolls of enchant armour
 r - a scroll of remove curse
 v - a scroll of random uselessness {unknown}
Potions
 d - 5 potions of flight
 l - a potion of berserk rage {unknown}
 p - a potion of might
 q - a potion of heal wounds {unknown}
 s - a potion of agility
 u - a potion of degeneration {unknown}
Books
 n - a manual of Fighting
Comestibles
 c - 6 rations


   Skills:
 - Level 4.0 Fighting
 - Level 5.0 Dodging
 - Level 2.0 Stealth
 + Level 4.1 Spellcasting
 - Level 2.8 Conjurations
 - Level 5.0 Ice Magic


You had 5 spell levels left.
You knew the following spells:

 Your Spells              Type           Power        Failure   Level  Hunger
a - Freeze                Ice            ###.         1%          1    None
b - Throw Frost           Conj/Ice       ###...       4%          2    ##.....
c - Ozocubu's Armour      Chrm/Ice       ##......     17%         3    ###....
d - Throw Icicle          Conj/Ice       ###.....     30%         4    ####...

Your spell library contained the following spells:

 Spells                   Type           Power        Failure   Level  Hunger
 Flame Tongue             Conj/Fire      #....        9%          1    None
 Summon Ice Beast         Ice/Summ       ##......     50%         4    ####...


Dungeon Overview and Level Annotations

Branches:
Dungeon (5/15)             Temple (1/1) D:4

Altars:
Ashenzari
Cheibriados
Dithmenos
Elyvilon
Fedhas
Gozag
Hepliaklqana
Kikubaaqudgha
Nemelex Xobeh
Okawaru
Qazlal
Ru
Sif Muna
Trog
Uskayaw
Vehumet
Wu Jian
Xom
Yredelemnul
Zin
The Shining One


Innate Abilities, Weirdness & Mutations

((You have a beak for a mouth.))
((You have claws for feet.))
You can fly continuously.


Message History

Press: ? - help, Shift-Dir - straight line, f - killer bee
Aim: a killer bee (grey smoke)
You freeze the killer bee.
The killer bee is lightly wounded.
You feel sick. The killer bee misses you. The killer bee stings you.
* * * LOW HITPOINT WARNING * * *
Casting: Freeze (safe; 1% risk of failure)
Confirm with . or Enter, or press ? or * to list all spells.
Okay, then.
It was a potion of might.
You feel very mighty all of a sudden. The killer bee misses you.
The killer bee completely misses you.
It was a potion of lignification.
You turn into a tree.
Your +1 robe melds into your body.
Your roots penetrate the ground.
* * * LOW HITPOINT WARNING * * *
You feel sick. The killer bee barely misses you.
The killer bee stings you but does no damage.
It was a potion of haste.
You feel yourself speed up. The killer bee stings you.
You die...

.#
#.............####.#
.#
##..yy.............#
.#
#.......####.###..#
##
####..+##≈≈###≈#..#
#..#≈≈÷≈≈≈'.#..#
#..#≈≈≈≈≈≈'≈#..#
#..§##≈≈###≈#..#
#...§####§###..#
##..§§y♣§§....##
##.§§§########
######


You could see a killer bee.

Vanquished Creatures
  Sigmund (D:4)
  3 killer bees (D:5)
  A crimson imp (D:5)
  2 hounds
  A jelly (D:5)
  2 orc priests
  2 orc wizards (D:4)
  3 worker ants
  A worker ant zombie (D:5)
  A river rat (D:5)
  7 adders
  A shadow imp (D:5)
  6 oozes
  2 adder skeletons (D:5)
  6 worms
  A dart slug (D:2)
  4 leopard geckos
  13 orcs
  10 bats
  12 giant cockroaches
  6 goblins
  9 hobgoblins
  15 jackals
  12 kobolds
  A quokka (D:3)
  3 ball pythons
  2 frilled lizards
  2 quokka skeletons
  10 rats
139 creatures vanquished.

Notes
Turn   | Place    | Note
-------+----------+-------------------------------------------
     0 | D:1      | Espgualade the Tengu Ice Elementalist began the quest for
                  | the Orb.
     0 | D:1      | Reached XP level 1. HP: 10/10 MP: 4/4
    46 | D:1      | Reached skill level 1 in Fighting
   140 | D:1      | Reached XP level 2. HP: 7/17 MP: 0/6
   336 | D:1      | Learned a level 2 spell: Throw Frost
   982 | D:1      | Reached XP level 3. HP: 18/22 MP: 7/7
  1164 | D:1      | Learned a level 3 spell: Ozocubu's Armour
  1636 | D:2      | Reached XP level 4. HP: 19/28 MP: 5/8
  2866 | D:3      | Gained mutation: You can fly continuously. [Tengu growth]
  2866 | D:3      | Reached XP level 5. HP: 27/33 MP: 4/9
  3215 | D:3      | Found a faded altar of an unknown god.
  3696 | D:4      | Found a staircase to the Ecumenical Temple.
  3716 | Temple   | Entered the Ecumenical Temple
  3810 | Temple   | Became a worshipper of Vehumet
  4137 | D:4      | Noticed Sigmund
  4160 | D:4      | Killed Sigmund
  4160 | D:4      | Reached XP level 6. HP: 18/38 MP: 7/10
  4483 | D:4      | Reached skill level 5 in Dodging
  4483 | D:4      | Reached XP level 7. HP: 19/43 MP: 5/11
  5000 | D:4      | Noticed a troll
  5272 | D:4      | Learned a level 4 spell: Throw Icicle
  5273 | D:5      | Entered Level 5 of the Dungeon
  5370 | D:5      | Noticed a two-headed ogre
  5387 | D:5      | Reached * piety under Vehumet
  5387 | D:5      | Offered knowledge of Shock by Vehumet.
  5410 | D:5      | Reached skill level 5 in Ice Magic
  5569 | D:5      | Found a glowing drain.
  5573 | Sewer    | Entered a sewer
  5973 | Sewer    | Offered knowledge of Flame Tongue by Vehumet.
  6128 | D:5      | Reached ** piety under Vehumet
  6128 | D:5      | Reached XP level 8. HP: 13/48 MP: 11/15
  6132 | D:5      | HP: 1/48 [killer bee (6)]
  6135 | D:5      | Slain by a killer bee

Levels and vault maps discovered:
D:1:      dpeg_arrival_rooms_b, layout_loops_ring
D:2:      layout_loops_corners, chequers_serial_rivers_small_a
D:3:      layout_basic, serial_bayou, serial_bayou_crossing,
          serial_bayou_ford_a, serial_bayou_shore_b, serial_bayou_shore_a,
          chequers_ecumenical_altar_twisty, nrook_campfire
D:4:      layout_basic, minmay_temple_entry_butterflies, first_ration,
          minmay_manual_monstrance, uniq_sigmund
D:5:      layout_rooms, gup_sewer_entry_bowl, minmay_manual_mail
Temple:   nicolae_temple_the_god_donut
Sewer:    sewer_fruit_machine

Skill      XL: |  1  2  3  4  5  6  7 |
---------------+----------------------+-----
Fighting       | 1 2 3 4 |  4.0
Ice Magic      | 3 4 5 |  5.0
Dodging        | 4 5 |  5.0
Spellcasting   | 4 |  4.1
Conjurations   | 2 |  2.8
Stealth        | |  2.0

Action                   |  1- 3 |  4- 6 |  7- 9 || total
-------------------------+-------+-------+-------++-------
Melee: Unarmed           |    11 |       |       ||    11
       Kick              |    10 |    20 |    35 ||    65
       Peck              |     7 |    14 |    19 ||    40
       Whip              |    41 |    67 |       ||   108
       Falchion          |       |    34 |    98 ||   132
 Cast: Freeze            |    18 |    35 |    32 ||    85
       Throw Frost       |       |     5 |     7 ||    12
       Ozocubu's Armour  |       |     1 |     1 ||     2
 Abil: Fly               |       |       |     2 ||     2
       Stop Flying       |       |       |     1 ||     1
  Use: Scroll            |       |    10 |     3 ||    13
       Potion            |       |     4 |     7 ||    11
 Stab: Sleeping          |     6 |     9 |     6 ||    21
       Invisible         |       |       |     1 ||     1
  Eat: Chunk             |     1 |     7 |     4 ||    12
       Ration            |     1 |       |     1 ||     2
Armor: Robe              |     7 |    17 |    15 ||    39
       Skin              |       |       |     1 ||     1
Dodge: Dodged            |    35 |    64 |   139 ||   238
       Rpst.: Falchion   |       |     3 |    45 ||    48

Table legend:
 A = Non-vault XP
 B = Vault XP
 C = Vault XP percentage of total XP
 D = Non-vault monster count
 E = Vault monster count
 F = Vault count percentage of total count
                 A         B        C        D         E       F
            +---------+---------+-------+---------+---------+-------
      Total |     834 |     427 |  33.9 |     105 |      34 |  24.5
            +---------+---------+-------+---------+---------+-------
        D:1 |      47 |       0 |   0.0 |      23 |       0 |   0.0
        D:2 |      97 |       0 |   0.0 |      26 |       0 |   0.0
        D:3 |     115 |       0 |   0.0 |      20 |       0 |   0.0
        D:4 |     154 |     318 |  67.4 |      22 |       5 |  18.5
        D:5 |     421 |      32 |   7.1 |      14 |       5 |  26.3
      Sewer |       0 |      77 | 100.0 |       0 |      24 | 100.0
            +---------+---------+-------+---------+---------+-------
